 Dungeon Crawl Stone Soup version 0.19.5 (webtiles) character file.

65 equalderp2856 the Scratcher (level 3, 0/17 HPs)
             Began as a Felid Fighter on Mar 11, 2017.
             Slain by a jackal (1 damage)
             ... on level 4 of the Dungeon.
             The game lasted 00:03:48 (1563 turns).

equalderp2856 the Scratcher (Felid Fighter)         Turns: 1563, Time: 00:03:48

Health: 0/17       AC:  1    Str: 13    XL:     3   Next: 94%
Magic:  4/4        EV: 19    Int:  9    God:
Gold:   53         SH:  0    Dex: 15    Spells: 0 memorised, 2 levels left
                                        Lives:  0   Deaths: 0

rFire  . . .     SeeInvis +       - Unarmed
rCold  . . .     Gourm    .     (armour unavailable)
rNeg   . . .     Faith    .     (shield unavailable)
rPois  .         Spirit   .     (helmet unavailable)
rElec  .         Reflect  .     (cloak unavailable)
rCorr  .         Harm     .     (gloves unavailable)
MR     .....                    (boots unavailable)
Stlth  ++........               (no amulet)
                                (no ring)
                                (no ring)

@: lethally poisoned (0 -> -3), flying, quick
A: no armour, no weapons or thrown items, stealth, claws 1, fangs 3, see
invisible, carnivore 3, speed 1, shaggy fur 1, slow metabolism 1, sharp paws
a: no special abilities


You were on level 4 of the Dungeon.
You were very full.

You visited 1 branch of the dungeon, and saw 4 of its levels.

You collected 53 gold pieces.

Inventory:

Missiles
 l - 22 arrows
Jewellery
 k - a +1 ring of evasion {unknown}
Scrolls
 c - a scroll of immolation {unknown}
 e - 2 scrolls of remove curse {unknown}
 f - a scroll of recharging {unknown}
 i - 2 scrolls of identify {unknown}
Potions
 a - a potion of might
 d - a potion of flight
 g - 2 potions of degeneration {unknown}
 h - a potion of lignification {unknown}
 j - a potion of curing {unknown}
 n - a potion of heal wounds {unknown}
Comestibles
 b - a meat ration


   Skills:
 + Level 3.4 Fighting
 + Level 4.4 Dodging
 + Level 0.4 Stealth
 + Level 5.0 Unarmed Combat


You had 2 spell levels left.
You didn't know any spells.

Dungeon Overview and Level Annotations

Branches:
Dungeon (4/15)
 Temple: D:4-7

Altars:
Makhleb
Xom


Innate Abilities, Weirdness & Mutations

You cannot wear armour.
You are incapable of wielding weapons or throwing items.
Your paws allow you to move quietly. (Stealth)
You have sharp claws.
You have razor-sharp teeth.
You have supernaturally acute eyesight. (SInv)
You are carnivorous and can eat meat at any time.
You cover ground quickly.
You are covered in fur. (AC +1)
You have a slow metabolism.
Your sharp claws are effective at attacking unaware monsters.


Message History

The goblin is almost dead.
The goblin hits you but does no damage.
You miss the goblin.
The goblin is almost dead.
The goblin barely misses you. The jackal bites you.
The jackal barely misses you. The goblin barely misses you.
You climb downwards.
You feel sick.
There is a stone staircase leading up here.
You scratch the goblin.
You kill the goblin!
The jackal barely misses you.
You barely miss the jackal. The jackal bites you.
* * * LOW HITPOINT WARNING * * *
The jackal misses you.
It was a potion of flight.
You feel very buoyant.
You fly up into the air.
* * * LOW HITPOINT WARNING * * *
You feel sick. The jackal bites you.
You die...

####..##..###.###..###
+.....'.>..#.....<.>#
#..$..#....#........#
#.....##...#........#
###...##...#........#
#....##...#....#..##
#....######....####
#...h.# #....# #....@#
#....# #...).# #....#
##...## ##..## #####
####


You could see a jackal.

Vanquished Creatures
  3 adders
  An ooze (D:1)
  An adder skeleton (D:4)
  2 leopard geckos (D:1)
  A bat (D:3)
  3 giant cockroaches (D:1)
  A goblin (D:4)
  5 hobgoblins
  A jackal (D:3)
  A kobold (D:1)
  5 frilled lizards (D:1)
  8 rats
32 creatures vanquished.

Notes
Turn   | Place    | Note
-------+----------+-------------------------------------------
     0 | D:1      | equalderp2856 the Felid Fighter began the quest for the Orb.
     0 | D:1      | Reached XP level 1. HP: 10/10 MP: 2/2
   115 | D:1      | Reached XP level 2. HP: 14/14 MP: 3/3
   815 | D:2      | Found a shimmering altar of Xom.
   829 | D:3      | Reached XP level 3. HP: 12/17 MP: 4/4
   938 | D:2      | You fall through a shaft!
   946 | D:3      | Found a burning altar of Makhleb.
  1556 | D:3      | Reached skill level 5 in Unarmed Combat
  1563 | D:4      | Slain by a jackal

Skill      XL: |  1  2  3 |
---------------+----------+-----
Unarmed Combat | 5 |  5.0
Fighting       | |  3.4
Dodging        | |  4.4
Stealth        | |  0.4

Action                   || total
-------------------------++-------
Melee: Unarmed           ||    77
       Bite              ||     4
  Use: Potion            ||     1
 Stab: Sleeping          ||     2
  Eat: Chunk             ||     8
Armor: Skin              ||     7
Dodge: Dodged            ||    66
